 Dungeon Crawl Stone Soup version 0.18.1-8-gdd0e5ea (webtiles) character file.

197 Scarto the Skirmisher (level 5, 0/42 HPs)
             Began as a Demonspawn Fighter on June 7, 2016.
             Killed by nerve-wracking pain
             ... invoked by M4edhros's ghost
              (13 damage)
             ... in a sewer.
             The game lasted 00:03:21 (1616 turns).

Scarto the Skirmisher (Demonspawn Fighter)          Turns: 1616, Time: 00:03:21

Health: 0/42       AC:  6    Str: 27    XL:     5   Next: 46%
Magic:  5/5        EV:  7    Int:  9    God:
Gold:   81         SH: 10    Dex: 12    Spells: 0 memorised, 4 levels left

rFire  . . .     SeeInvis .     a - +0 war axe
rCold  . . .     Gourm    .     b - +0 scale mail
rNeg   . . .     Faith    .     c - +0 shield
rPois  .         Spirit   .     (helmet restricted)
rElec  .         Dismiss  .     (no cloak)
rCorr  .         Reflect  .     (no gloves)
SustAt .         Harm     .     (no boots)
MR     .....                    (no amulet)
Stlth  ..........               (no ring)
                                t - +4 ring of strength

@: mighty, not resistant to hostile enchantments, extremely unstealthy
A: antennae 1, powered by death 1, rot immunity
a: no special abilities


You were in a sewer.
You were not hungry.

You visited 1 branch of the dungeon, and saw 3 of its levels.
You also visited: Sewer.

You collected 81 gold pieces.

Inventory:

Hand Weapons
 a - a +0 war axe (weapon)
Missiles
 u - 5 tomahawks (quivered)
Armour
 b - a +0 scale mail (worn)
 c - a +0 shield (worn)
Jewellery
 n - a +2 ring of protection {unknown}
 t - a +4 ring of strength (left hand)
Scrolls
 e - 8 scrolls of identify {unknown}
 l - 6 scrolls of teleportation {unknown}
 r - a scroll of random uselessness {unknown}
 v - a scroll of enchant armour {unknown}
 w - a scroll of blinking {unknown}
Potions
 h - a potion of brilliance {unknown}
 i - a potion of invisibility {unknown}
 k - a potion of flight {unknown}
 m - a potion of lignification {unknown}
 p - a potion of berserk rage {unknown}
 q - a potion of degeneration {unknown}
Comestibles
 f - 2 bread rations
 g - 3 slices of pizza
 j - a meat ration
 o - a beef jerky
 s - 5 fruits


   Skills:
 + Level 4.2 Fighting
 + Level 2.9 Axes
 + Level 3.6 Armour
 + Level 3.4 Shields


You had 4 spell levels left.
You didn't know any spells.

Dungeon Overview and Level Annotations

Branches:
Dungeon (3/15)

Altars:
Sif Muna

Annotations:
Sewer M4edhros's ghost, novice OpNe


Innate Abilities, Weirdness & Mutations

You have a pair of small antennae on your head.
You regenerate a little health from kills.
You are immune to rotting.


Message History

M4edhros's ghost hits you but does no damage.
M4edhros's ghost stares at you and mumbles some strange words.
Pain shoots through your body!
Your unstable footing causes you to fumble your attack.
M4edhros's ghost hits you.
M4edhros's ghost hits you but does no damage.
You slice M4edhros's ghost!!
M4edhros's ghost is heavily damaged.
You block M4edhros's ghost's attack.
You hit M4edhros's ghost.
M4edhros's ghost is heavily damaged.
M4edhros's ghost stares at you and mumbles some strange words.
You barely resist. M4edhros's ghost casts a spell at you.
Pain shoots through your body!
You barely miss M4edhros's ghost.
M4edhros's ghost is heavily damaged.
M4edhros's ghost casts a spell at you. Pain shoots through your body!
You die...

### #≈# ########
#≈######
##.≈..≈.###
##≈##...#
..≈≈≈≈≈W@.###
#.≈.#.∩.#
...####..≈≈.###
#.≈...∩.#
###.≈...###≈≈.....#
##≈≈.....≈).#####
#.≈.≈.###≈≈.....#
#≈≈.≈.### #.≈.....#
≈≈≈..### #.≈.#...#
..≈.## ##≈##...#
#### #≈###.##


You could see M4edhros's ghost.

Vanquished Creatures
  Jessica (D:3)
  2 orc wizards (D:3)
  4 adders (D:2)
  2 dart slugs (D:1)
  6 giant geckos
  5 orcs (D:3)
  3 bats
  3 giant cockroaches
  5 goblins
  5 hobgoblins
  7 jackals
  3 quokkas
  3 giant newts
  10 kobolds
  7 rats
66 creatures vanquished.

Notes
Turn   | Place    | Note
--------------------------------------------------------------
     0 | D:1      | Scarto the Demonspawn Fighter began the quest for the Orb.
     0 | D:1      | Reached XP level 1. HP: 18/18 MP: 1/1
   117 | D:1      | Gained mutation: You regenerate a little health from kills. [demonic ancestry]
   117 | D:1      | Reached XP level 2. HP: 22/24 MP: 2/2
   359 | D:1      | Gained mutation: You are immune to rotting. [demonic ancestry]
   359 | D:1      | Reached XP level 3. HP: 25/29 MP: 3/3
   771 | D:2      | Gained mutation: You have a pair of small antennae on your head. [demonic ancestry]
   771 | D:2      | Reached XP level 4. HP: 37/37 MP: 4/4
  1279 | D:3      | Noticed Jessica
  1286 | D:3      | Found a deep blue altar of Sif Muna.
  1294 | D:3      | Killed Jessica
  1294 | D:3      | Reached skill level 4 in Fighting
  1294 | D:3      | Reached XP level 5. HP: 42/42 MP: 5/5
  1543 | D:3      | Found a glowing drain.
  1565 | Sewer    | Entered a sewer
  1608 | Sewer    | Noticed M4edhros's ghost (novice OpNe)
  1616 | Sewer    | Killed from afar by M4edhros's ghost

Skill      XL: |  1  2  3  4 |
---------------+-------------+-----
Axes           | 2 |  2.9
Armour         | 3 |  3.6
Shields        | 3 |  3.4
Fighting       | 4 |  4.2

Action                   |  1- 3 |  4- 6 || total
-------------------------+-------+-------++-------
Melee: War axe           |   104 |    78 ||   182
  Use: Potion            |       |     1 ||     1
  Eat: Bread ration      |       |     1 ||     1
Armor: Scale mail        |    46 |    41 ||    87
Dodge: Dodged            |    26 |    35 ||    61
Block: Shield            |    59 |    44 ||   103
